 Dungeon Crawl Stone Soup version 0.21.1-1-g345015f (webtiles) character file.

970 Kagorn the Skirmisher (level 7, 0/71 HPs)
             Began as a Troll Fighter on July 16, 2018.
             Slain by an iguana (10 damage)
             ... on level 5 of the Dungeon.
             The game lasted 00:26:10 (3524 turns).

Kagorn the Skirmisher (Troll Fighter)               Turns: 3524, Time: 00:26:11

Health: 0/71       AC:  5    Str: 26    XL:     7   Next: 94%
Magic:  6/6        EV:  7    Int:  4    God:
Gold:   337        SH: 18    Dex: 10    Spells: 6/6 levels left

rFire    . . .     SeeInvis .   s - +2 dagger (vamp)
rCold    + . .     Gourm    +   v - +0 large shield
rNeg     . . .     Faith    .   b - +0 robe
rPois    .         Spirit   .   (helmet restricted)
rElec    .         Reflect  +   (no cloak)
rCorr    .         Harm     .   (gloves unavailable)
MR       .....     Rnd*Tele +   (boots unavailable)
Stlth    +.........             h - +3 amulet of reflection
HPRegen  0.61/turn              (no ring)
MPRegen  0.10/turn              (no ring)

@: no status effects
A: large, unfitting armour, claws 3, cold resistance 1, fast metabolism 3,
gourmand, regeneration 1, shaggy fur 1, teleportitis 1, tough skin 2
a: no special abilities


You were on level 5 of the Dungeon.
You were not hungry.

You visited 1 branch of the dungeon, and saw 5 of its levels.

You collected 337 gold pieces.

Inventory:

Hand Weapons
 a - a +0 long sword
 c - a +1 vampiric short sword
 r - a +1 spear of venom
 s - a +2 vampiric dagger (weapon)
 t - a +1 dagger of venom
 x - a +0 blowgun
 z - a +1 hand axe of freezing
Missiles
 y - 26 poisoned needles
Armour
 b - a +0 robe (worn)
 k - a +2 pair of gloves
 u - a +1 helmet
 v - a +0 large shield (worn)
Jewellery
 h - a +3 amulet of reflection (around neck)
Wands
 e - a wand of digging (7)
 g - a wand of flame (10)
Scrolls
 j - 2 scrolls of identify
 l - 4 scrolls of teleportation
 m - a scroll of enchant weapon
 n - a scroll of magic mapping
 o - a scroll of noise {unknown}
 w - 3 scrolls of remove curse
Potions
 d - 2 potions of might
 i - 4 potions of curing
Comestibles
 f - 9 rations


   Skills:
 * Level 4.6 Fighting
 * Level 3.3(3.7) Short Blades
 - Level 2.3(3.2) Long Blades
 + Level 2.7 Armour
 + Level 3.7 Dodging
 + Level 3.7 Shields


You had 6 spell levels left.
You didn't know any spells.

Dungeon Overview and Level Annotations

Branches:
Dungeon (5/15)
 Temple: D:4-7

Altars:
Cheibriados
Gozag
Kikubaaqudgha
Ru
Sif Muna
The Shining One

Annotations:
D:5 2 transporters


Innate Abilities, Weirdness & Mutations

You are too large for most types of armour.
You have claws for hands.
Your metabolism is lightning-fast.
You like to eat raw meat.
Your natural rate of healing is unusually fast.
You are covered in fur. (AC +1)
You have very tough skin. (AC +2)
Your flesh is cold resistant. (rC+)
You are occasionally teleported next to monsters.


Message History

The iguana is heavily wounded.
The iguana bites you!
* * * LOW HITPOINT WARNING * * *
The leopard gecko bites you but does no damage.
Your shield prevents you from hitting the iguana.
The iguana is heavily wounded.
You block the leopard gecko's attack. The iguana barely misses you.
You feel better.
The leopard gecko bites you but does no damage.
You block the iguana's attack.
You barely miss the iguana.
The iguana is heavily wounded.
You block the leopard gecko's attack. The iguana bites you!
* * * LOW HITPOINT WARNING * * *
You puncture the iguana!
You feel better.
The iguana is almost dead.
The leopard gecko bites you.
* * * LOW HITPOINT WARNING * * *
The iguana bites you!
You die...

######
###########.....#
#.........@l....#
#.##.######l......
#.#...# .....##
#.#.#.# ...(.#
#...#..# ##.###
##..###... %#
##..## #..# #
##..## #... ..
###..##..#..
#..##.# ###


You could see an iguana and a leopard gecko.

Vanquished Creatures
  Sigmund (D:4)
  Eustachio (D:4)
  Menkaure (D:4)
  A centaur (D:5)
  An orc priest (D:3)
  2 hounds
  3 orc wizards (D:3)
  An iguana (D:5)
  Ijyb (D:4)
  4 worker ants
  A hound skeleton (D:4)
  Robin (D:2)
  3 adders
  2 oozes
  2 worms
  3 dart slugs
  3 leopard geckos
  11 orcs (D:3)
  2 ball pythons
  A giant cockroach (D:4)
  10 goblins
  9 hobgoblins
  6 jackals
  6 bats
  5 frilled lizards
  A jackal skeleton (D:4)
  8 kobolds
  4 rats
94 creatures vanquished.

Notes
Turn   | Place    | Note
-------+----------+-------------------------------------------
     0 | D:1      | Kagorn the Troll Fighter began the quest for the Orb.
     0 | D:1      | Reached XP level 1. HP: 22/22 MP: 0/0
   100 | D:1      | Reached XP level 2. HP: 23/29 MP: 1/1
   526 | D:2      | Found an opulent altar of Gozag.
   543 | D:2      | Reached XP level 3. HP: 36/36 MP: 2/2
   760 | D:2      | Reached skill level 1 in Armour
   810 | D:2      | Noticed Robin
   832 | D:2      | Killed Robin
   832 | D:2      | Reached XP level 4. HP: 27/44 MP: 3/3
  1255 | D:3      | Reached skill level 3 in Fighting
  1418 | D:3      | Found a glowing golden altar of the Shining One.
  1419 | D:3      | Found an ancient bone altar of Kikubaaqudgha.
  1419 | D:3      | Found a snail-covered altar of Cheibriados.
  1420 | D:3      | Found a deep blue altar of Sif Muna.
  1483 | D:3      | Reached skill level 1 in Short Blades
  1483 | D:3      | Reached XP level 5. HP: 49/53 MP: 4/4
  1533 | D:3      | Gained mutation: You are occasionally teleported next to monsters. [potion of mutation]
  1533 | D:3      | Gained mutation: Your flesh is cold resistant. (rC+) [potion of mutation]
  1619 | D:3      | Found a sacrificial altar of Ru.
  2010 | D:3      | Reached XP level 6. HP: 49/61 MP: 5/5
  2309 | D:4      | Noticed Ijyb
  2329 | D:4      | Noticed Eustachio
  2404 | D:4      | Killed Ijyb
  2485 | D:4      | Killed Eustachio
  2546 | D:4      | Reached skill level 4 in Fighting
  2641 | D:4      | Reached XP level 7. HP: 70/70 MP: 6/6
  2938 | D:4      | Noticed Menkaure
  2946 | D:4      | Killed Menkaure
  3117 | D:4      | Noticed Sigmund
  3134 | D:4      | Killed Sigmund
  3291 | D:5      | Entered Level 5 of the Dungeon
  3296 | D:5      | Found a transporter.
  3327 | D:5      | Found a transporter.
  3479 | D:5      | Found a glowing golden altar of the Shining One.
  3524 | D:5      | Slain by an iguana

Skill      XL: |  1  2  3  4  5  6  7 |
---------------+----------------------+-----
Long Blades    | 2 |  2.3
Armour         | 1 2 |  2.7
Fighting       | 3 4 |  4.6
Short Blades   | 1 2 3 |  3.3
Dodging        | 3 |  3.7
Shields        | 3 |  3.7

Action                   |  1- 3 |  4- 6 |  7- 9 || total
-------------------------+-------+-------+-------++-------
Melee: Long sword        |   128 |     7 |       ||   135
       Dagger            |       |   368 |   124 ||   492
  Use: Scroll            |       |     9 |     1 ||    10
       Potion            |       |     8 |     1 ||     9
 Stab: Distracted        |       |       |     1 ||     1
  Eat: Chunk             |    13 |    23 |     3 ||    39
Armor: Robe              |    56 |   115 |    14 ||   185
Dodge: Dodged            |    67 |    71 |    17 ||   155
Block: Shield            |    92 |     5 |       ||    97
       Large shield      |       |   404 |    83 ||   487
       Reflection        |       |     4 |     2 ||     6
       Rpst.: Long sword |    21 |       |       ||    21
